 Dungeon Crawl Stone Soup version 0.27-a0-869-g165b36e3f0 (webtiles) character file.

Game seed: 7831579635500523934

442 tilp the Skirmisher (level 7, -13/76 HPs)
             Began as an Ogre Warper on Apr 2, 2021.
             Killed from afar by Dowan (14 damage)
             ... with a shard of ice
             ... on level 4 of the Dungeon.
             The game lasted 00:05:25 (3698 turns).

tilp the Skirmisher (Ogre Warper)                   Turns: 3698, Time: 00:05:27

Health: -13/76     AC:  3    Str: 15 (16) XL:     7   Next: 2%
Magic:  0/10       EV:  9    Int: 13 (16) God:
Gold:   138        SH:  0    Dex:  6 (8)  Spells: 8/10 levels left

rFire    . . .     SeeInvis .   a - +2 whip (venom)
rCold    . . .     Faith    .   (no shield)
rNeg     . . .     Spirit   +   l - +0 robe
rPois    .         Reflect  .   (helmet restricted)
rElec    .         Harm     .   (no cloak)
rCorr    .         Rampage  .   (gloves unavailable)
Will     .....                  (boots unavailable)
Stlth    +.........             c - amulet of guardian spirit
HPRegen  0.22/turn              j - ring of flight
MPRegen  0.12/turn              (no ring)

@: flying
A: large, unfitting armour, tough skin 1
a: no special abilities


You were on level 4 of the Dungeon.
You visited 1 branch of the dungeon, and saw 4 of its levels.
You also visited: Sewer.

You collected 138 gold pieces.

Inventory:

Hand Weapons
 a - a +2 whip of venom (weapon)
 b - a +0 mace
Missiles
 e - 5 boomerangs of dispersal {!f}
 f - 14 boomerangs (quivered)
 p - 2 poisoned darts
Armour
 l - a +0 robe (worn)
Jewellery
 c - an amulet of guardian spirit (around neck)
 j - a ring of flight (left hand)
Wands
 u - a wand of digging (7)
Scrolls
 d - 3 scrolls of blinking
 k - a scroll of noise {unknown}
 m - a scroll of identify {unknown}
 s - a scroll of teleportation {unknown}
 v - 2 scrolls of vulnerability
 w - a scroll of enchant armour {unknown}
Potions
 g - a potion of degeneration
 i - a potion of ambrosia {unknown}
 n - a potion of lignification {unknown}
 o - 2 potions of flight {unknown}
 q - a potion of brilliance {unknown}
 r - 2 potions of mutation {unknown}
 t - 3 potions of attraction {unknown}
 x - 2 potions of haste {unknown}


   Skills:
 + Level 6.6 Fighting
 + Level 4.4 Maces & Flails
 - Level 1.0 Throwing
 - Level 2.1 Dodging
 - Level 2.0 Stealth
 - Level 2.4 Spellcasting
 - Level 2.6 Translocations


You had 8 spell levels left.
You knew the following spells:

 Your Spells              Type           Power      Damage    Failure   Level
a - Blink                 Tloc           N/A        N/A       12%         2

Your spell library contained the following spells:

 Spells                   Type           Power      Damage    Failure   Level
 Gell's Gravitas          Tloc           4%         N/A       24%         3
 Lesser Beckoning         Tloc           4%         N/A       24%         3
 Teleport Other           Tloc           8%         N/A       24%         3
 Manifold Assault         Tloc           8%         N/A       92%         5


Dungeon Overview and Level Annotations

Branches:
Dungeon (4/15)              Sewer (visited)
 Temple: D:4-7

Altars:

Annotations:
D:4 Dowan


Innate Abilities, Weirdness & Mutations

You are too large for most types of armour.
You have tough skin. (AC +1)


Message History

A goblin is wielding a +2 dagger of venom.
The goblin shouts!
You hear a shout!
Duvessa closely misses you.
Your magical contamination has completely faded away.
Found a scroll labelled CYNTIRYUPT.
Duvessa says, "Where magic fails, the sword succeeds!"
Duvessa closely misses you.
You kill Duvessa!
Dowan seems overcome with grief, but rights himself reflexively soon after.
Dowan seems to find hidden reserves of power!
You have reached level 7!
Things that are here:
a +0 short sword; 5 stones You see here a +1 vampiric short sword.
Dowan hits you with a +0 dagger.
* * * LOW HITPOINT WARNING * * *
Casting: Blink (safe; 10% risk of failure)
Confirm with . or Enter, or press ? or * to list all spells.
You don't have enough magic to cast this spell.
Dowan mumbles some strange words.
Dowan blinks!
Dowan mumbles some strange words.
Dowan blinks!
Dowan gestures at you while chanting. The shard of ice hits you.
* * * LOW HITPOINT WARNING * * *
Dowan points at you and mumbles some strange words.
The stone arrow misses you.
Dowan says, "Magic will overcome all!"
Dowan points at you and mumbles some strange words.
The shard of ice hits you!
* * * LOW HITPOINT WARNING * * *
Unknown command.
It was a potion of degeneration.
There was something very wrong with that liquid.
You feel weakened.
You feel dopey.
You feel clumsy. Dowan barely misses you. Dowan casts a spell at you.
The shard of ice hits you!
You die...

#..## #.#.# #..# #.## #.#.#
#..# #.# #.#.#####..#
#.######## #.#........#
#.##.....####### #.##.......#
#.......g......# #.##.......#
#.##.....#####.#####.##.......#
#.##.....# #e#..............#
########## #@#.###.##........
#.#.#<#.##.......#
#.#.#.#.##.......#
########.#.#.#.##.......#
#........#...#.########.#
#.############.# #.#
#.############.# #.#
#..............# #.#
#############..# #.#


You could see Dowan (fast).

Vanquished Creatures
  Duvessa (D:4)
  Purgy (Sewer)
  A centaur (D:3)
  A kobold brigand (Sewer)
  An orc priest (D:3)
  An adder (D:2)
  3 worms
  4 dart slugs
  3 orcs (D:3)
  5 ball pythons
  5 bats
  2 endoplasms
  6 giant cockroaches
  3 hobgoblins (D:1)
  4 jackals (D:1)
  A quokka (D:2)
  2 frilled lizards (D:3)
  2 goblins
  10 kobolds
  3 rats
59 creatures vanquished.

Notes
Turn   | Place    | Note
-------+----------+-------------------------------------------
     0 | D:1      | tilp the Ogre Warper began the quest for the Orb.
     0 | D:1      | Reached XP level 1. HP: 22/22 MP: 3/3
    68 | D:1      | Reached skill level 3 in Fighting
   308 | D:1      | Reached XP level 2. HP: 31/31 MP: 3/5
   311 | D:1      | Learned a level 2 spell: Blink
   369 | D:1      | Reached skill level 4 in Fighting
   668 | D:1      | Found a faded altar of an unknown god.
   900 | D:1      | Reached XP level 3. HP: 36/40 MP: 6/6
  1153 | D:2      | Reached skill level 5 in Fighting
  1681 | D:3      | Noticed a centaur
  1890 | D:3      | Found a glowing drain.
  1904 | D:3      | Reached XP level 4. HP: 43/50 MP: 5/7
  1907 | Sewer    | Entered a sewer
  1965 | Sewer    | Noticed Purgy
  1976 | Sewer    | Killed Purgy
  1977 | Sewer    | Reached skill level 6 in Fighting
  1977 | Sewer    | Reached skill level 1 in Stealth
  1977 | Sewer    | Reached XP level 5. HP: 26/59 MP: 4/8
  2167 | Sewer    | Noticed a kobold brigand
  2178 | Sewer    | Killed a kobold brigand
  2622 | D:3      | Killed a centaur
  2623 | D:3      | Reached XP level 6. HP: 30/67 MP: 2/9
  3636 | D:4      | Noticed Dowan
  3637 | D:4      | Noticed Duvessa
  3670 | D:4      | Killed Duvessa
  3671 | D:4      | Reached XP level 7. HP: 8/76 MP: 1/10
  3697 | D:4      | HP: 1/76 [Dowan/shard of ice (8)]
  3698 | D:4      | Killed from afar by Dowan

Illustrated notes

Levels and vault maps discovered:
D:1:      saegor_arrival_simple_e, layout_basic, basic_ecumenical_altar,
          minmay_splitting_lines, minmay_pentomino_x2
D:2:      layout_rooms
D:3:      layout_loops_corners, cheibrodos_sewer_entry_bend, bh_walls_and_bars
D:4:      layout_basic, minmay_temple_entry_glass, mrwooster_statue_mirror,
          uniq_robin, uniq_duvessa

Skill      XL: |  1  2  3  4  5  6 |
---------------+-------------------+-----
Fighting       | 3 4 5 6 |  6.6
Maces & Flails | 2 3 4 |  4.4
Stealth        | 1 2 |  2.0
Throwing       | |  1.0
Dodging        | |  2.1
Spellcasting   | |  2.4
Translocations | |  2.6

Action                   |  1- 3 |  4- 6 |  7- 9 || total
-------------------------+-------+-------+-------++-------
Melee: Mace              |    95 |       |       ||    95
       Whip              |    27 |    73 |       ||   100
Throw: Boomerang         |     4 |       |       ||     4
 Cast: Blink             |       |     2 |       ||     2
  Use: Scroll            |       |     1 |       ||     1
       Potion            |       |       |     1 ||     1
 Stab: Sleeping          |       |     3 |       ||     3
Armor: Robe              |    40 |    26 |       ||    66
Dodge: Dodged            |    59 |    46 |     2 ||   107

Table legend: (Time is in decaauts)
 A = Elapsed time spent in this place.
 B = Non-inter-level travel time spent in this place.
 C = Inter-level travel time spent in this place.
 D = Time resting spent in this place.
 E = Time spent auto-exploring this place.
 F = Levels seen in this place.
 G = Mean time per level.
                   A        B        C        D        E       F      G
               +--------+--------+--------+--------+--------+-----+--------+
         Total |   3724 |   3582 |    142 |    712 |   2243 |   5 |  744.8 |
       Dungeon |   3218 |   3076 |    142 |    374 |   2243 |   4 |  804.5 |
         Sewer |    506 |    506 |      0 |    338 |      0 |   1 |  506.0 |
               +--------+--------+--------+--------+--------+-----+--------+

Top non-repeatable levels by time:
     D:3: 1203 daAuts
     D:1: 1102 daAuts
     D:2: 680 daAuts
   Sewer: 506 daAuts
     D:4: 231 daAuts
